[Event "Titled Tuesday Blitz March 21 Early 2023"]
[White "Starozhilov, Leonid"]
[Black "Grigoriants, Sergey"]
[WhiteFideId "14106752"]
[BlackFideId "4130804"]
[WhiteElo "2402"]
[BlackElo "2502"]
[Result "0-1"]
[Round "05"]
[TimeControl "180+2"]
[Date "2023.03.21"]
[WhiteClock "0:00:02"]
[BlackClock "0:00:04"]

1. e4 c6 2. d4 d5 3. exd5 cxd5 4. Bd3 Nc6 5. c3 Nf6 6. h3 g6 7. Bf4 Bf5 8. Be2 e6 9. Nf3 h6 10. Qb3 Bd6 11. Bxd6 Qxd6 12. Nbd2 O-O 13. O-O Rab8 14. a4 g5 15. Rfe1 Ne4 16. Nxe4 Bxe4 17. Nd2 Bg6 18. Bb5 Ne7 19. Qd1 a6 20. Bf1 Nc6 21. Nf3 f6 22. Bd3 Bh5 23. Be2 Rbe8 24. Qd2 Kg7 25. Nh2 Bf7 26. Bd3 e5 27. dxe5 fxe5 28. Rad1 Qc7 29. Bf5 Bg8 30. Bg4 e4 31. f3 Qb6+ 32. Qe3 d4 33. cxd4 exf3 34. Qxe8 f2+ 35. Kh1 Rxe8 36. Rxe8 Bb3 37. Rf1 Qxd4 38. Re2 Bc4 39. Rexf2 Bxf1 40. Rxf1 Qxb2 41. Bh5 Ne5 42. Ng4 Nxg4 43. Rf7+ Kg8 44. hxg4 b5 45. axb5 axb5 46. Rb7 b4 47. Rb8+ Kg7 48. Rb5 Kf6 49. Rb6+ Ke5 50. Rxh6 b3 51. Rg6 Qc1+ 52. Kh2 b2 53. Rb6 b1=Q 0-1


[Site "https://www.chess.com"]

[Event "Titled Tuesday Blitz March 21 Early 2023"]
[White "Lewtak, Damian"]
[Black "Moroni, Luca Jr"]
[WhiteFideId "1141724"]
[BlackFideId "865834"]
[WhiteElo "2302"]
[BlackElo "2569"]
[Result "0-1"]
[Round "05"]
[TimeControl "180+2"]
[Date "2023.03.21"]
[WhiteClock "0:00:04"]
[BlackClock "0:00:12"]

1. e4 g6 2. Nf3 Bg7 3. d4 d6 4. c4 Nc6 5. d5 Ne5 6. Nxe5 Bxe5 7. Nc3 Bxc3+ 8. bxc3 e5 9. h4 Qe7 10. h5 b6 11. c5 bxc5 12. Rb1 Kf8 13. Qf3 Kg7 14. Bd3 h6 15. hxg6 fxg6 16. Qg3 Nf6 17. Qh4 Ng8 18. Qg3 Qf6 19. f4 exf4 20. Bxf4 Qxc3+ 21. Kf2 c4 22. Be2 Qxg3+ 23. Bxg3 Nf6 24. Bf3 Re8 25. Rhe1 Nd7 26. Bf4 Nc5 27. Kg1 Nd3 28. Bd2 Nxe1 29. Bc3+ Kh7 30. Rxe1 Rb8 31. Kf2 Rb6 32. a4 Rb3 33. Re3 Bf5 34. a5 a6 35. g4 Bxe4 36. Bxe4 Rxc3 37. Bxg6+ Kxg6 38. Rxe8 Ra3 39. Rc8 Rxa5 40. Rxc7 Rc5 41. Rc6 Rxd5 42. Rxc4 a5 43. Rc8 Rc5 44. Ra8 Kg5 45. Kf3 d5 46. Rg8+ Kf6 47. Rh8 Kg7 48. Ra8 Kf6 49. Rh8 Ke5 50. Re8+ Kd4 51. Re6 a4 52. Rxh6 Ra5 53. Rh1 a3 54. g5 a2 55. Ra1 Kc3 56. g6 Kb2 57. g7 Ra8 58. Rg1 a1=Q 59. Rxa1 Kxa1 0-1


[Site "https://www.chess.com"]

[Event "Titled Tuesday Blitz March 21 Early 2023"]
[White "Fromm, Marius"]
[Black "Vogel, Roven"]
[WhiteFideId "12993190"]
[BlackFideId "12908088"]
[WhiteElo "2325"]
[BlackElo "2518"]
[Result "0-1"]
[Round "05"]
[TimeControl "180+2"]
[Date "2023.03.21"]
[WhiteClock "0:00:02"]
[BlackClock "0:00:43"]

1. e4 c6 2. d4 d5 3. exd5 cxd5 4. Bd3 Nc6 5. c3 Nf6 6. h3 g6 7. Nf3 Bf5 8. Ne5 Bg7 9. Nxc6 bxc6 10. Bxf5 gxf5 11. Bf4 e6 12. Nd2 Qb6 13. b4 a5 14. a3 axb4 15. axb4 Rxa1 16. Qxa1 O-O 17. O-O Qb7 18. Be5 Ra8 19. Qc1 Nd7 20. Bxg7 Kxg7 21. Nf3 h6 22. Qf4 Qb8 23. Qh4 Ra3 24. Rc1 Qd6 25. Qd8 Ra7 26. Ne5 Qc7 27. Qxc7 Rxc7 28. Nxd7 Rxd7 29. Ra1 f4 30. Ra6 Rc7 31. g3 Kf6 32. Kg2 fxg3 33. fxg3 Kf5 34. Kf3 h5 35. Rb6 f6 36. Ra6 e5 37. Rb6 Kg5 38. Ra6 h4 39. g4 e4+ 40. Ke3 f5 41. gxf5 Kxf5 42. Rb6 Rg7 43. Rxc6 Rg3+ 44. Ke2 Rxh3 45. b5 Rh1 46. Rd6 h3 47. Rxd5+ Kg4 48. Re5 h2 49. Rxe4+ Kg3 50. Re3+ Kg2 51. Re8 Re1+ 52. Kxe1 h1=Q+ 53. Kd2 Qh6+ 54. Kd3 Qg6+ 55. Kc4 Qxe8 56. Kc5 Kf3 57. d5 Ke4 58. b6 Qd7 59. c4 Ke5 60. Kb4 Kd6 61. Ka5 Kc5 62. Ka6 Qd6 0-1


[Site "https://www.chess.com"]

[Event "Titled Tuesday Blitz March 21 Early 2023"]
[White "Alvarez Calzadilla, Jose Avelino"]
[Black "Rustemov, Alexander"]
[WhiteFideId "3526151"]
[BlackFideId "4119002"]
[WhiteElo "2310"]
[BlackElo "2858"]
[Result "0-1"]
[Round "05"]
[TimeControl "180+2"]
[Date "2023.03.21"]
[WhiteClock "0:00:09"]
[BlackClock "0:01:23"]

1. d4 d5 2. Nf3 Nf6 3. e3 Bf5 4. c4 c6 5. Qb3 Qc7 6. Be2 e6 7. O-O Nbd7 8. Nc3 Nb6 9. c5 Nbd7 10. a4 a5 11. Bd2 Be7 12. Qa3 O-O 13. Nh4 Bg4 14. b4 b6 15. f3 Bh5 16. g4 Bg6 17. Nxg6 hxg6 18. cxb6 Nxb6 19. Na2 axb4 20. Bxb4 Rxa4 21. Qb3 Rfa8 22. Bxe7 Qxe7 23. Qxb6 Rxa2 24. Rxa2 Rxa2 25. Rf2 Qa3 26. g5 Nh5 27. Qb8+ Kh7 28. Qe5 Qc1+ 29. Kg2 Qe1 0-1


[Site "https://www.chess.com"]

[Event "Titled Tuesday Blitz March 21 Early 2023"]
[White "Turayev, Shahruh"]
[Black "Harsha Bharathakoti"]
[WhiteFideId "14003856"]
[BlackFideId "5078776"]
[WhiteElo "2171"]
[BlackElo "2481"]
[Result "0-1"]
[Round "05"]
[TimeControl "180+2"]
[Date "2023.03.21"]
[WhiteClock "0:00:22"]
[BlackClock "0:00:28"]

1. e4 e6 2. Nc3 d5 3. exd5 exd5 4. d4 c6 5. Bd3 Bd6 6. Nge2 Nf6 7. Bg5 h6 8. Bh4 O-O 9. Qd2 Re8 10. f3 Ne4 11. Bxd8 Nxd2 12. Bh4 Nc4 13. Bxc4 dxc4 14. Bg3 Bf8 15. O-O-O Na6 16. Ne4 Be6 17. N2c3 Rad8 18. a3 f5 19. Nf2 Nb8 20. h4 Nd7 21. Nh3 Nf6 22. Nf4 Bf7 23. h5 Bd6 24. Nce2 Rd7 25. Bh4 Nxh5 26. Nxh5 Rxe2 27. g4 fxg4 28. fxg4 c3 29. Bg3 Bxh5 30. gxh5 Bxg3 0-1


[Site "https://www.chess.com"]

[Event "Titled Tuesday Blitz March 21 Early 2023"]
[White "Demin, Vladimir"]
[Black "Ahmadzada, Ahmad"]
[WhiteFideId "4167457"]
[BlackFideId "13413007"]
[WhiteElo "2632"]
[BlackElo "2388"]
[Result "0-1"]
[Round "05"]
[TimeControl "180+2"]
[Date "2023.03.21"]
[WhiteClock "0:00:02"]
[BlackClock "0:00:26"]

1. e4 a6 2. d4 b5 3. a4 b4 4. c3 Bb7 5. Bd3 e6 6. Ne2 Nf6 7. Ng3 c5 8. O-O bxc3 9. bxc3 cxd4 10. cxd4 Nc6 11. Nc3 Bb4 12. Bd2 d6 13. Rb1 a5 14. d5 Ne5 15. Bb5+ Ned7 16. Nce2 exd5 17. Bxb4 axb4 18. Rxb4 O-O 19. exd5 Nxd5 20. Rd4 N7f6 21. Nf5 g6 22. Ne3 Nxe3 23. fxe3 Qe7 24. Kh1 Rac8 25. Ng3 h5 26. Qd3 Ng4 27. e4 Rc1 28. Kg1 Rfc8 29. h3 Rxf1+ 30. Nxf1 Nf6 31. Rxd6 Nxe4 32. Rd7 Qc5+ 33. Qe3 Qxe3+ 34. Nxe3 Bc6 35. Rd4 Bxb5 36. axb5 Rc1+ 37. Kh2 f5 38. Rb4 h4 39. b6 Ng3 40. Rxh4 Ne4 41. Nd5 Rb1 42. Rf4 Rb5 43. b7 Rxb7 44. g4 Rb2+ 45. Kg1 Ng5 46. Kf1 Nxh3 47. Ra4 f4 48. Nxf4 Rf2+ 49. Ke1 Rxf4 50. Ra6 Rxg4 51. Ke2 Kg7 52. Kf3 Rg1 53. Ra8 Ng5+ 54. Kf2 Rc1 55. Kg3 Nf7 56. Kf4 Rc4+ 57. Kg3 g5 58. Ra7 Rc6 59. Ra5 Kg6 60. Ra8 Kf5 61. Kf3 Rc3+ 62. Kf2 g4 63. Rf8 Rc7 64. Kg2 Kf4 65. Ra8 Ng5 66. Ra5 Rc2+ 0-1


[Site "https://www.chess.com"]

[Event "Titled Tuesday Blitz March 21 Early 2023"]
[White "Gontcharov, Vladislav"]
[Black "Vakhlamov, Igor L."]
[WhiteFideId "4123492"]
[BlackFideId "24126748"]
[WhiteElo "2470"]
[BlackElo "2400"]
[Result "1-0"]
[Round "05"]
[TimeControl "180+2"]
[Date "2023.03.21"]
[WhiteClock "0:00:04"]
[BlackClock "0:00:05"]

1. d4 d5 2. c4 e6 3. Nc3 c5 4. cxd5 cxd4 5. Qa4+ Bd7 6. Qxd4 exd5 7. Nf3 Nf6 8. Bg5 Be7 9. e3 Nc6 10. Qd1 O-O 11. Bd3 h6 12. Bh4 Be6 13. O-O Qb6 14. Na4 Qa5 15. Rc1 Rfd8 16. a3 d4 17. e4 Qh5 18. Bg3 Rac8 19. b4 Bg4 20. h3 Bxf3 21. Qxf3 Qxf3 22. gxf3 Nh5 23. f4 g5 24. fxg5 Bxg5 25. Rc5 b6 26. Rf5 Ne7 27. Rb5 Ng6 28. Rd1 Nhf4 29. Bf1 Rc2 30. Rf5 Ne2+ 31. Bxe2 Rxe2 32. Rd5 Re8 33. R5xd4 R2xe4 34. Rxe4 Rxe4 35. Nc3 Rc4 36. Nd5 Rc2 37. Rd3 Kg7 38. Kg2 h5 39. Bb8 a5 40. Ba7 axb4 41. axb4 b5 42. Bd4+ Kh6 43. Kg3 Rc4 44. Bc5 Bh4+ 45. Kg2 Bg5 46. Rf3 Nh4+ 47. Kg3 Nxf3 48. Kxf3 Rc2 49. Nc7 Rc3+ 50. Kg2 Be7 51. Nxb5 Rxc5 52. bxc5 Bxc5 53. f4 Be7 54. Kf3 Kg6 55. Nd4 Bf6 56. Ne2 1-0


[Site "https://www.chess.com"]

[Event "Titled Tuesday Blitz March 21 Early 2023"]
[White "Ozen, Bahadir"]
[Black "Ozates, Tuna"]
[WhiteFideId "6337058"]
[BlackFideId "6354521"]
[WhiteElo "2503"]
[BlackElo "2151"]
[Result "1-0"]
[Round "05"]
[TimeControl "180+2"]
[Date "2023.03.21"]
[WhiteClock "0:00:05"]
[BlackClock "0:00:06"]

1. d4 Nf6 2. Nf3 d5 3. c4 e6 4. Nc3 c5 5. cxd5 Nxd5 6. e4 Nxc3 7. bxc3 cxd4 8. cxd4 Bb4+ 9. Bd2 Bxd2+ 10. Qxd2 O-O 11. Bc4 Nd7 12. O-O b6 13. a4 Bb7 14. Rfe1 Rc8 15. Bd3 Qe7 16. a5 Rfd8 17. axb6 axb6 18. Ra7 Nf6 19. Qb2 Rd7 20. Ne5 Rdc7 21. f3 Nh5 22. Qxb6 Nf4 23. Bf1 Qg5 24. g3 Nh5 25. Rxb7 Rc2 26. Rb8 Nxg3 27. Rxc8+ Rxc8 28. Bg2 Qd2 29. hxg3 Qxe1+ 30. Kh2 h5 31. Qb7 Rf8 32. Qe7 Qd2 33. Nc6 Ra8 34. Nd8 Qxd4 35. Qxf7+ Kh8 36. Qxh5+ Kg8 37. Qf7+ Kh8 38. Nxe6 Qb2 39. Qh5+ Kg8 40. Ng5 Rb8 41. Qf7+ Kh8 42. Qh5+ Kg8 43. e5 Qxe5 44. f4 Qd6 45. Qh7+ Kf8 46. Qh8+ Ke7 47. Qxg7+ Ke8 48. Qf7+ Kd8 49. Ne6+ Kc8 50. Qe8+ 1-0


[Site "https://www.chess.com"]

[Event "Titled Tuesday Blitz March 21 Early 2023"]
[White "wqws"]
[Black "Jones, Gawain C B"]
[BlackFideId "409561"]
[WhiteElo "2627"]
[BlackElo "2645"]
[Result "0-1"]
[Round "05"]
[TimeControl "180+2"]
[Date "2023.03.21"]
[WhiteClock "0:00:19"]
[BlackClock "0:00:27"]

1. e4 c5 2. Nf3 Nc6 3. d4 cxd4 4. Nxd4 g6 5. c4 Bg7 6. Be3 Nf6 7. Nc3 Nxd4 8. Bxd4 d6 9. Be2 O-O 10. O-O Bd7 11. Rc1 Bc6 12. f3 Nd7 13. Be3 a5 14. Qd2 a4 15. Rfd1 Qa5 16. Bf1 Rfc8 17. Rc2 Nc5 18. Nd5 Bxd5 19. Qxa5 Rxa5 20. cxd5 Rf8 21. Bd4 f5 22. Bxg7 Kxg7 23. exf5 Rxf5 24. Re2 Kf6 25. f4 Rxf4 26. Rde1 e5 27. dxe6 Ke7 28. g3 Rf6 29. Bg2 Rb5 30. Rd1 Rxe6 31. Red2 Rb6 32. Bd5 Re5 33. Rf1 Ne6 34. Bc4 Rc6 35. b3 b5 36. Bxe6 Kxe6 37. Rdf2 axb3 38. axb3 Rf5 39. Re2+ Kf6 40. Rfe1 Re5 41. Rf1+ Ke6 42. Ref2 Re3 43. Rf6+ Ke5 44. Rf7 Rxb3 45. Rxh7 Rc2 46. Re7+ Kd4 47. Rd1+ Rd3 48. Rxd3+ Kxd3 49. Re6 Rc6 50. Rxg6 b4 51. Rg8 Rb6 0-1


[Site "https://www.chess.com"]

[Event "Titled Tuesday Blitz March 21 Early 2023"]
[White "Narayanan, Srinath"]
[Black "Aaditya Dhingra"]
[WhiteFideId "5018420"]
[BlackFideId "25678191"]
[WhiteElo "2438"]
[BlackElo "2083"]
[Result "1-0"]
[Round "05"]
[TimeControl "180+2"]
[Date "2023.03.21"]
[WhiteClock "0:00:11"]
[BlackClock "0:00:18"]

1. Nf3 Nf6 2. c4 c6 3. d4 d5 4. e3 e6 5. Nc3 Nbd7 6. Bd3 dxc4 7. Bxc4 b5 8. Bd3 Bb7 9. O-O a6 10. a3 c5 11. Re1 Be7 12. Bc2 O-O 13. e4 cxd4 14. Nxd4 Ne5 15. Bf4 Ng6 16. Bg3 Qb6 17. Nb3 Rfd8 18. Qf3 Nd7 19. Qh5 Nf6 20. Qe2 Rac8 21. h4 h6 22. h5 Nf8 23. Red1 Rxd1+ 24. Rxd1 Rd8 25. e5 Qc6 26. f3 Nxh5 27. Bf2 Nf4 28. Qe3 Rxd1+ 29. Bxd1 N8g6 30. Na5 Qc7 31. Nxb7 Qxb7 32. Bc2 Qc7 33. Bxg6 Nxg6 34. f4 Qd7 35. g3 h5 36. Qf3 h4 37. g4 Qd2 38. f5 Nxe5 39. Qa8+ Qd8 40. Qxa6 Nxg4 41. fxe6 f5 42. Qxb5 g6 43. Bb6 Qb8 44. Nd5 Qh2+ 45. Kf1 Qh1+ 46. Ke2 Qg2+ 47. Kd1 Qxd5+ 48. Qxd5 Ne3+ 49. Bxe3 1-0


[Site "https://www.chess.com"]

[Event "Titled Tuesday Blitz March 21 Early 2023"]
[White "Sattarov, Bobir"]
[Black "Crevatin, Leo"]
[WhiteFideId "14203081"]
[BlackFideId "1726307"]
[WhiteElo "2351"]
[BlackElo "2190"]
[Result "1-0"]
[Round "05"]
[TimeControl "180+2"]
[Date "2023.03.21"]
[WhiteClock "0:00:12"]
[BlackClock "0:00:01"]

1. e4 c5 2. Nf3 d6 3. d4 cxd4 4. Nxd4 Nf6 5. f3 e5 6. Nb3 Be6 7. c4 Be7 8. Nc3 O-O 9. Be3 Nbd7 10. Be2 a6 11. O-O Rc8 12. Nd5 Bxd5 13. cxd5 Nh5 14. Qd2 Nf4 15. Rfc1 Nxe2+ 16. Qxe2 Rxc1+ 17. Rxc1 Bg5 18. Rc3 f5 19. Bf2 fxe4 20. fxe4 Nf6 21. a4 Qd7 22. Rc4 Ng4 23. Bb6 Qf7 24. Rc3 Nf6 25. Rf3 Qg6 26. Rf5 Nd7 27. Rxf8+ Nxf8 28. Bf2 Nd7 29. h4 Bd8 30. h5 Qe8 31. Nd2 Nf6 32. h6 Qxa4 33. hxg7 Qa1+ 34. Nf1 Qa5 35. Qf3 Qc7 36. Ne3 Qxg7 37. Nf5 Qg4 38. Nxd6 Qxf3 39. gxf3 b5 40. Bg3 Nd7 41. Nf5 Kf7 42. f4 exf4 43. Bxf4 Bf6 44. b3 Ne5 45. Kg2 Kg6 46. Kg3 a5 47. Nd6 a4 48. bxa4 bxa4 49. Bc1 Nd3 50. Ba3 Be5+ 51. Kf3 Bb2 52. Nc4 Bxa3 53. Nxa3 Kf6 54. Ke3 Ne5 55. Kd4 h5 56. Nc2 h4 57. Ne3 h3 58. Nf1 1-0


[Site "https://www.chess.com"]

[Event "Titled Tuesday Blitz March 21 Early 2023"]
[White "Yelisieiev, Yevhenii"]
[Black "Albornoz Cabrera, Carlos Daniel"]
[WhiteFideId "14139642"]
[BlackFideId "3518736"]
[WhiteElo "2447"]
[BlackElo "2501"]
[Result "0-1"]
[Round "05"]
[TimeControl "180+2"]
[Date "2023.03.21"]
[WhiteClock "0:00:03"]
[BlackClock "0:00:48"]

1. d4 Nf6 2. Nf3 d5 3. c4 e6 4. Nc3 dxc4 5. e4 Bb4 6. Bg5 b5 7. e5 h6 8. Bh4 g5 9. Nxg5 hxg5 10. Bxg5 Nbd7 11. Qf3 Rb8 12. Bxf6 Nxf6 13. Qxf6 Qxf6 14. exf6 Rh4 15. O-O-O Rf4 16. f3 Rxf6 17. Ne4 Rh6 18. g4 Bd6 19. h4 Bf4+ 20. Kc2 Bb7 21. Be2 Ke7 22. g5 Rhh8 23. Kc3 Bd5 24. a3 a5 25. Nf6 c6 26. Rdg1 Be3 27. Rg4 b4+ 28. axb4 axb4+ 29. Kc2 Ra8 30. Nxd5+ cxd5 31. h5 Rag8 32. f4 Bxd4 33. f5 b3+ 34. Kb1 Be5 35. f6+ Kd6 36. h6 Ra8 37. Bd1 Ra2 38. Rg2 Rha8 39. Kc1 Bf4+ 40. Rd2 Ra1# 0-1


[Site "https://www.chess.com"]

[Event "Titled Tuesday Blitz March 21 Early 2023"]
[White "Bodnaruk, Anastasia"]
[Black "Yuan, Qingyu"]
[WhiteFideId "4181751"]
[BlackFideId "8609772"]
[WhiteElo "2310"]
[BlackElo "2359"]
[Result "0-1"]
[Round "05"]
[TimeControl "180+2"]
[Date "2023.03.21"]
[WhiteClock "0:00:02"]
[BlackClock "0:00:29"]

1. e4 e5 2. Nf3 Nc6 3. Bb5 Nf6 4. d3 Bc5 5. O-O Nd4 6. Nxd4 Bxd4 7. c3 Bb6 8. d4 O-O 9. Re1 d6 10. Bg5 h6 11. Bh4 Qe7 12. d5 g5 13. Bg3 Bg4 14. Be2 Bd7 15. Nd2 Kg7 16. Kh1 a6 17. Bf3 Rh8 18. Bh5 Nxh5 19. Qxh5 f5 20. exf5 Bxf5 21. Ne4 Bg6 22. Qg4 Qf7 23. h4 Bh5 24. Qe6 Qxe6 25. dxe6 Bg4 26. Kg1 Kg6 27. e7 Rae8 28. Kf1 Rxe7 29. f3 Bd7 30. Rad1 Bb5+ 31. Re2 Rf8 32. Ke1 Bxe2 33. Kxe2 Re6 34. b4 Rf7 35. a4 Rd7 36. c4 Bd4 37. Nd2 Bc3 38. b5 axb5 39. axb5 Bxd2 40. Rxd2 b6 41. Rd5 Re8 42. Kd3 Rf7 43. Ke4 Ra8 44. hxg5 hxg5 45. Rd2 Ra3 46. Kd5 g4 47. Kc6 gxf3 48. gxf3 Raxf3 49. Rg2 Kf5 50. Bh4 Rf4 51. Rg5+ Ke4 52. Bg3 R4f5 53. Rg4+ Kd3 54. Be1 Rf4 0-1


[Site "https://www.chess.com"]

[Event "Titled Tuesday Blitz March 21 Early 2023"]
[White "djokovic74"]
[Black "Samunenkov, Ihor"]
[BlackFideId "14187086"]
[WhiteElo "2569"]
[BlackElo "2457"]
[Result "0-1"]
[Round "05"]
[TimeControl "180+2"]
[Date "2023.03.21"]
[WhiteClock "0:00:04"]
[BlackClock "0:00:04"]

1. c4 c5 2. Nf3 Nf6 3. d4 cxd4 4. Nxd4 Nc6 5. Nc3 e6 6. g3 Qb6 7. Ndb5 Ne5 8. Bg2 Nxc4 9. b3 Nd6 10. Be3 Qa5 11. b4 Qxb4 12. Nc7+ Kd8 13. Nxa8 Qxc3+ 14. Bd2 Qa3 15. O-O Nde4 16. Bf4 Bc5 17. e3 d6 18. Rc1 Bd7 19. Qc2 Bc6 20. Rfd1 Kd7 21. Rd3 Qa4 22. f3 Qxc2 23. Rxc2 Rxa8 24. fxe4 Ke7 25. e5 dxe5 26. Bxe5 Bxg2 27. Bxf6+ gxf6 28. Kxg2 b6 29. Kf3 f5 30. a4 Rg8 31. a5 Rg4 32. axb6 axb6 33. Ra2 Re4 34. Ra7+ Kf6 35. Rdd7 Rxe3+ 36. Kg2 Re2+ 37. Kh3 Bg1 38. Rxf7+ Ke5 39. Kh4 Rxh2+ 40. Kg5 Be3# 0-1


[Site "https://www.chess.com"]

[Event "Titled Tuesday Blitz March 21 Early 2023"]
[White "Petukhov, Dmitry"]
[Black "Gadimbayli, Abdulla"]
[WhiteFideId "4142748"]
[BlackFideId "13404938"]
[WhiteElo "2311"]
[BlackElo "2390"]
[Result "0-1"]
[Round "05"]
[TimeControl "180+2"]
[Date "2023.03.21"]
[WhiteClock "0:00:08"]
[BlackClock "0:00:03"]

1. e4 e5 2. Nf3 d5 3. exd5 e4 4. Ne5 Qxd5 5. d4 exd3 6. Nxd3 Nf6 7. Be2 Bd6 8. O-O O-O 9. Nc3 Qf5 10. Bf3 Nc6 11. Re1 Be6 12. Ne4 Nxe4 13. Bxe4 Qf6 14. h3 Rfe8 15. Be3 Rad8 16. Qf3 Qe7 17. Bxc6 bxc6 18. Qxc6 Bd5 19. Qa4 Qf6 20. Rad1 Re4 21. Qb5 c6 22. Qa5 Rde8 23. Bxa7 Qg6 24. Rxe4 Bxe4 25. Ne1 Bd5 26. Be3 h5 27. Qd2 Bc7 28. b3 Qd6 29. Nf3 Qg6 30. Ne1 Qd6 31. Nf3 Qg6 32. Qe2 Bb8 33. c4 Be4 34. Nh4 Qh7 35. Qd2 g6 36. f3 Bf5 37. Bf4 Ba7+ 38. Kh2 Be6 39. Be5 Bb8 40. Bxb8 Rxb8 41. Qd6 Ra8 42. Rd2 Qg7 43. Qxc6 Rf8 44. Qe4 Qf6 45. Qd4 Qe7 46. c5 g5 47. Qd6 Qxd6+ 48. Rxd6 gxh4 49. b4 Bxa2 50. b5 Rb8 51. b6 Be6 52. Rd4 Kf8 53. Rxh4 Ke7 54. Rxh5 Kd7 55. Re5 Kc6 56. h4 Bd5 57. Kg3 Kxc5 58. h5 Rxb6 59. Kf4 Kd4 60. g4 Rb3 61. Re7 Rxf3+ 62. Kg5 Be6 63. h6 Rg3 64. Re8 Rxg4+ 65. Kf6 Rf4+ 66. Ke7 Rh4 67. Rh8 Ke5 68. Kf8 Kf6 69. Kg8 Kg6 70. Kf8 Rxh6 71. Kg8 Rxh8+ 72. Kxh8 Kg5 0-1


[Site "https://www.chess.com"]

[Event "Titled Tuesday Blitz March 21 Early 2023"]
[White "Harshavardhan G B"]
[Black "Rangel, Daniel"]
[WhiteFideId "25059009"]
[BlackFideId "2124475"]
[WhiteElo "2323"]
[BlackElo "2256"]
[Result "1-0"]
[Round "05"]
[TimeControl "180+2"]
[Date "2023.03.21"]
[WhiteClock "0:00:02"]
[BlackClock "0:00:04"]

1. Nf3 Nf6 2. g3 g6 3. Bg2 Bg7 4. O-O O-O 5. d4 b6 6. c4 Bb7 7. Nc3 Ne4 8. Qc2 Nxc3 9. Qxc3 c5 10. Be3 Nc6 11. Rfd1 d5 12. cxd5 Qxd5 13. Qd2 Nxd4 14. Bxd4 cxd4 15. e3 e5 16. exd4 exd4 17. Nh4 Qd7 18. Rac1 Bxg2 19. Kxg2 Qd5+ 20. Nf3 Qxa2 21. Nxd4 Rad8 22. Qe3 Qd5+ 23. Nf3 Qxd1 24. Rxd1 Rxd1 25. b3 Rd7 26. h4 h5 27. Qe4 Rfd8 28. Qc6 Rd6 29. Qc7 R8d7 30. Qb8+ Bf8 31. Ng5 Kg7 32. Qc8 Be7 33. Ne4 Rd4 34. Nc3 Bf6 35. Nb5 Rd2 36. Nc7 Re7 37. Ne8+ Rxe8 38. Qxe8 Bd4 39. Qa4 Rxf2+ 40. Kh1 Be5 41. Qxa7 Bxg3 42. Qxb6 Rf4 43. Kg2 Bxh4 44. Qe3 Rg4+ 45. Kf1 Bf6 46. Qd3 Rf4+ 47. Kg2 Rf5 48. b4 h4 49. b5 Rg5+ 50. Kh1 Rg3 51. Qc4 Rc3 52. Qd5 h3 53. Kh2 Re3 54. Kg1 Be5 55. Kf2 1-0


[Site "https://www.chess.com"]

[Event "Titled Tuesday Blitz March 21 Early 2023"]
[White "Cherniaiev, Tykhon"]
[Black "Yosha_Iglesias"]
[WhiteFideId "14182360"]
[WhiteElo "2450"]
[BlackElo "2472"]
[Result "1-0"]
[Round "05"]
[TimeControl "180+2"]
[Date "2023.03.21"]
[WhiteClock "0:01:34"]
[BlackClock "0:00:03"]

1. Nf3 d5 2. d4 Nf6 3. c4 e6 4. Nc3 h6 5. cxd5 exd5 6. Bf4 Bd6 7. Bxd6 Qxd6 8. e3 c6 9. a3 O-O 10. Be2 Bg4 11. O-O Nbd7 12. b4 Qe7 13. h3 Bxf3 14. Bxf3 a6 15. Rb1 Ne8 16. a4 b5 17. axb5 axb5 18. e4 dxe4 19. Bxe4 Ra6 20. Qf3 Qd6 21. d5 cxd5 22. Bxd5 Nef6 23. Rfd1 Qb6 24. Bb3 Ne5 25. Qf5 Re8 26. Re1 Qc7 27. Nxb5 Qb8 28. Nd4 Rb6 29. b5 1-0


[Site "https://www.chess.com"]

[Event "Titled Tuesday Blitz March 21 Early 2023"]
[White "Ibarra Jerez, Jose Carlos"]
[Black "Vaglio Munoz, Jaime"]
[WhiteFideId "2226332"]
[BlackFideId "6500145"]
[WhiteElo "2638"]
[BlackElo "2199"]
[Result "1-0"]
[Round "05"]
[TimeControl "180+2"]
[Date "2023.03.21"]
[WhiteClock "0:00:45"]
[BlackClock "0:00:19"]

1. e4 c6 2. Nf3 d5 3. d3 Bg4 4. h3 Bh5 5. Qe2 e6 6. g4 Bg6 7. h4 f6 8. exd5 e5 9. d4 e4 10. h5 Bf7 11. Qxe4+ Ne7 12. d6 Qxd6 13. Nc3 Nd7 14. Bf4 Qb4 15. O-O-O O-O-O 16. a3 Qa5 17. Bg3 Nd5 18. Nxd5 Bxd5 19. Qf4 Bxa3 20. Bd3 Bb4 21. c3 Bxc3 22. Bf5 Qa1+ 23. Kc2 Qxb2+ 24. Kd3 Ba5 25. Qb8# 1-0


[Site "https://www.chess.com"]

[Event "Titled Tuesday Blitz March 21 Early 2023"]
[White "Raja Rithvik R"]
[Black "Richter, Nils"]
[WhiteFideId "35007394"]
[BlackFideId "12990809"]
[WhiteElo "2402"]
[BlackElo "2381"]
[Result "0-1"]
[Round "05"]
[TimeControl "180+2"]
[Date "2023.03.21"]
[WhiteClock "0:00:09"]
[BlackClock "0:00:15"]

1. Nf3 d5 2. g3 Bg4 3. Bg2 c6 4. O-O Nd7 5. c4 e6 6. cxd5 exd5 7. d3 Ngf6 8. Nc3 Bd6 9. h3 Bxf3 10. Bxf3 O-O 11. e4 d4 12. Ne2 c5 13. Bg2 Bc7 14. f4 Rb8 15. e5 Ne8 16. g4 Qe7 17. Ng3 g6 18. Qf3 Ng7 19. Bd2 f6 20. exf6 Nxf6 21. Rae1 Qd6 22. Ne4 Nxe4 23. Qxe4 Kh8 24. Qd5 Qb6 25. Re7 Qxb2 26. Rf2 Bd8 27. Rd7 Bh4 28. Re2 Qb1+ 29. Bf1 Rbe8 30. Qxb7 Qxb7 31. Rxb7 Rxe2 32. Bxe2 Ne6 33. f5 gxf5 34. Bh6 Rg8 35. Rxa7 Bg5 36. Bxg5 Nxg5 37. Kg2 f4 38. Bf3 Rb8 39. Bd5 Rb2+ 40. Kf1 Nxh3 41. a4 f3 42. Ra8+ Kg7 43. Bxf3 Rf2+ 44. Ke1 Rxf3 45. a5 Rxd3 46. a6 Ra3 47. a7 c4 48. Rd8 Rxa7 49. Rxd4 Rc7 50. Kd2 Ng5 51. Kc3 Kf6 52. Rd6+ Ke5 53. Rh6 Kf4 54. Kc2 Kxg4 55. Rh1 h5 56. Rg1+ Kf5 57. Rh1 Kg6 58. Rg1 h4 59. Rh1 h3 60. Kc3 Kh5 61. Rf1 Kg4 62. Rg1+ Kf4 63. Rh1 Rh7 64. Rf1+ Kg3 65. Kxc4 h2 66. Rh1 Kg2 67. Rd1 h1=Q 68. Rd2+ Kg3 69. Rd3+ Kf4 70. Rd4+ Ne4 71. Kd3 Qd1+ 0-1


[Site "https://www.chess.com"]

[Event "Titled Tuesday Blitz March 21 Early 2023"]
[White "TimGrutter03"]
[Black "Timofeev, Artyom"]
[BlackFideId "4140419"]
[WhiteElo "2536"]
[BlackElo "2586"]
[Result "1-0"]
[Round "05"]
[TimeControl "180+2"]
[Date "2023.03.21"]
[WhiteClock "0:00:04"]
[BlackClock "0:00:20"]

1. e4 c5 2. Nf3 Nc6 3. Bb5 e6 4. Bxc6 bxc6 5. d3 Ne7 6. e5 Ng6 7. Qe2 f6 8. h4 h5 9. Nbd2 Be7 10. Nc4 Ba6 11. Qe4 f5 12. Qe2 Bxc4 13. dxc4 Nxh4 14. Nxh4 Bxh4 15. g3 Be7 16. Rxh5 Kf7 17. Be3 Qa5+ 18. Bd2 Qa6 19. b3 g6 20. Rxh8 Rxh8 21. Qf3 Qa3 22. Bc3 Qa6 23. a4 Qb7 24. Rd1 Qc7 25. Ke2 Qc8 26. Qd3 Ke8 27. Bb2 Qc7 28. Qf3 Kf7 29. Qd3 Ke8 30. Qe3 Rh2 31. Bc3 Rh8 32. Rd3 Kf7 33. Qd2 Ke8 34. Kf3 Qb7 35. Kg2 Qc8 36. Qe2 Qb7 37. Rd1 Qc8 38. Rh1 Rxh1 39. Kxh1 Kf7 40. Kg2 Qc7 41. Qd1 Qb7 42. Qh1 Kg7 43. Bd2 g5 44. Qh5 Qc7 45. Bxg5 Bxg5 46. Qxg5+ Kf7 47. Qf6+ Ke8 48. Qh8+ Ke7 49. Qf6+ Ke8 50. f3 Qa5 51. g4 Qd2+ 52. Kg3 fxg4 53. fxg4 Qxc2 54. g5 Qxb3+ 55. Kh4 Qxc4+ 56. Kh5 Qe2+ 57. Kh6 Qh2+ 58. Kg7 d5 59. Qxe6+ Kd8 60. Qd6+ Kc8 61. Qxc6+ Kb8 62. Qd6+ Kb7 63. Qxd5+ Kb6 64. Qd6+ Kb7 65. Qxc5 Qg2 66. g6 Qg5 67. Qd6 Qf5 68. Qf6 Qe4 69. e6 Kc7 70. e7 Kd7 71. Kf8 Qa8+ 72. Kg7 Qe4 73. Qf7 Qe5+ 74. Kg8 Qxe7 75. Qxe7+ Kxe7 76. Kh7 a5 77. g7 Kd6 78. g8=Q Kc5 79. Qg4 Kd5 80. Kg6 Kc5 81. Kf7 Kd5 82. Ke7 Kc5 83. Qe2 Kd5 84. Qb5+ Kd4 85. Qxa5 Kc4 86. Qb5+ 1-0


[Site "https://www.chess.com"]